TOP OF THE 1ST |
San Francisco Giants batting - Pitching for Los Angeles Dodgers : RHP Jeremy Stock
|
Pitching: RHP Jeremy Stock
|
|
Batting: RHB Bobby Ayala
|
0-0: Ball 1-0: Swinging Strike 1-1: Called Strike 1-2: Ball 2-2: Strikes out swinging
|
Batting: RHB Bill Defazio
|
0-0: Ball 1-0: Ball 2-0: Ball 3-0: Base on Balls
|
Batting: RHB Sean Zielinski
|
0-0: Ball 1-0: 2-RUN HOME RUN (Flyball, 7LD, EV 93.8 MPH), Distance : 340 ft
|
Batting: LHB Jack Henningar
|
0-0: Called Strike 0-1: Called Strike 0-2: Ball 1-2: Ball 2-2: Ball 3-2: Base on Balls
|
Batting: SHB Ryan Doss
|
0-0: Called Strike 0-1: Ball 1-1: Called Strike 1-2: Strikes out swinging
|
Batting: RHB Kevin Howard
|
0-0: Ball 1-0: Fly out, F7 (Flyball, 7, EV 82.5 MPH)
|
Top of the 1st over - 2 runs, 1 hit, 0 errors, 1 left on base; San Francisco 2 - Los Angeles 0 |
BOTTOM OF THE 1ST |
Los Angeles Dodgers batting - Pitching for San Francisco Giants : RHP Keith Kidd
|
Pitching: RHP Keith Kidd
|
|
Batting: LHB R.J. O'Brien
|
0-0: Called Strike 0-1: Called Strike 0-2: Foul Ball, location: 2F 0-2: Ground out 4-3 (Groundball, 4, EV 105.0 MPH)
|
Batting: RHB Rocky Campbell
|
0-0: Called Strike 0-1: Swinging Strike 0-2: Ball 1-2: Foul Ball, location: 2F 1-2: Ground out U3 (Groundball, 3S, EV 85.6 MPH)
|
Batting: SHB Shane Marcum
|
0-0: Ball 1-0: Called Strike 1-1: Foul Ball, location: 2F 1-2: Ball 2-2: Ground out 5-3 (Groundball, 56, EV 89.4 MPH)
|
Bottom of the 1st over - 0 runs, 0 hits, 0 errors, 0 left on base; San Francisco 2 - Los Angeles 0 |
TOP OF THE 2ND |
San Francisco Giants batting - Pitching for Los Angeles Dodgers : RHP Jeremy Stock
|
Batting: SHB Bill Dooms
|
0-0: Swinging Strike 0-1: Fly out, F8 (Flyball, 8RM, EV 94.4 MPH)
|
Batting: LHB Tom Best
|
0-0: Called Strike 0-1: Ball 1-1: Swinging Strike 1-2: Ball 2-2: Strikes out swinging
|
Batting: RHB Martin Guerrero
|
0-0: Called Strike 0-1: Fly out, F3 (Popup, 3L, EV 75.6 MPH)
|
Top of the 2nd over - 0 runs, 0 hits, 0 errors, 0 left on base; San Francisco 2 - Los Angeles 0 |
BOTTOM OF THE 2ND |
Los Angeles Dodgers batting - Pitching for San Francisco Giants : RHP Keith Kidd
|
Batting: LHB Lirak Bazhunaishvili
|
0-0: Called Strike 0-1: Swinging Strike 0-2: Ball 1-2: Strikes out swinging
|
Batting: SHB Joel Baker
|
0-0: Reached on error, E9 (Line Drive, 9S, EV 89.4 MPH)
|
Batting: RHB Danny Dyer
|
0-0: Called Strike 0-1: Foul Ball, location: 2F 0-2: Ball Wild Pitch! Joel Baker to third 1-2: Ball 2-2: Ball 3-2: Base on Balls
|
Batting: LHB Juan Concepcion
|
0-0: Ball 1-0: Ball 2-0: Ball 3-0: Base on Balls Danny Dyer to second
|
Batting: RHB Ben Mischnick
|
0-0: Swinging Strike 0-1: Ball 1-1: Called Strike 1-2: Ball 2-2: Fly out, F7 (Flyball, 7, EV 91.9 MPH)
|
Batting: RHB Wing-kit Bu
|
0-0: Fly out, F8 (Flyball, 8RD, EV 95.6 MPH)
|
Bottom of the 2nd over - 0 runs, 0 hits, 1 error, 3 left on base; San Francisco 2 - Los Angeles 0 |
TOP OF THE 3RD |
San Francisco Giants batting - Pitching for Los Angeles Dodgers : RHP Jeremy Stock
|
Batting: RHB Bobby Ayala
|
0-0: Ball 1-0: Called Strike 1-1: Foul Ball, location: 2F 1-2: Ball 2-2: SINGLE (Groundball, 6MD, EV 102.5 MPH)
|
Batting: RHB Bill Defazio
|
0-0: Ball 1-0: Foul Ball, location: 2F 1-1: Foul Ball, location: 2F 1-2: 2-RUN HOME RUN (Flyball, 7D, EV 94.4 MPH), Distance : 370 ft
|
Batting: RHB Sean Zielinski
|
0-0: Called Strike 0-1: Called Strike 0-2: Strikes out swinging
|
Batting: LHB Jack Henningar
|
0-0: Ball 1-0: Ball 2-0: Foul Ball, location: 2F 2-1: Ball 3-1: Called Strike 3-2: Foul Ball, location: 2F 3-2: Strikes out swinging
|
Batting: SHB Ryan Doss
|
0-0: Swinging Strike 0-1: Ball 1-1: Swinging Strike 1-2: SINGLE (Groundball, 34D, EV 99.4 MPH)
|
Batting: RHB Kevin Howard
|
0-0: Called Strike 0-1: Ball Ryan Doss steals 2nd base 1-1: Foul Ball, location: 2F 1-2: Ball 2-2: Ball 3-2: Foul Ball, location: 2F 3-2: Fly out, F9 (Flyball, 89D, EV 111.9 MPH)
|
Top of the 3rd over - 2 runs, 3 hits, 0 errors, 1 left on base; San Francisco 4 - Los Angeles 0 |
BOTTOM OF THE 3RD |
Los Angeles Dodgers batting - Pitching for San Francisco Giants : RHP Keith Kidd
|
Batting: LHB R.J. O'Brien
|
0-0: Ball 1-0: Called Strike 1-1: Foul Ball, location: 2F 1-2: Foul Ball, location: 2F 1-2: Ball 2-2: Ball 3-2: Base on Balls
|
Batting: RHB Rocky Campbell
|
0-0: Called Strike 0-1: Foul Ball, location: 2F 0-2: Fly out, F7 (Flyball, 7LM, EV 83.1 MPH)
|
Batting: SHB Shane Marcum
|
0-0: Ball 1-0: Ball 2-0: Foul Ball, location: 2F 2-1: Ball 3-1: Foul Ball, location: 2F 3-2: Base on Balls R.J. O'Brien to second
|
Batting: LHB Lirak Bazhunaishvili
|
0-0: Called Strike 0-1: Swinging Strike 0-2: Ball 1-2: Foul Ball, location: 2F 1-2: Ball 2-2: Ball 3-2: Base on Balls R.J. O'Brien to third Shane Marcum to second
|
Batting: SHB Joel Baker
|
0-0: Ball 1-0: Fielders Choice at 2nd, 4-6 (Groundball, 4M, EV 82.5 MPH) R.J. O'Brien scores Shane Marcum to third
|
Batting: RHB Danny Dyer
|
0-0: Swinging Strike 0-1: Ball 1-1: Ball 2-1: Foul Ball, location: 2F 2-2: Foul Ball, location: 2F 2-2: Foul Ball, location: 2F 2-2: Strikes out looking
|
Bottom of the 3rd over - 1 run, 0 hits, 0 errors, 2 left on base; San Francisco 4 - Los Angeles 1 |
TOP OF THE 4TH |
San Francisco Giants batting - Pitching for Los Angeles Dodgers : RHP Jeremy Stock
|
Batting: SHB Bill Dooms
|
0-0: Ball 1-0: Swinging Strike 1-1: Ball 2-1: Foul Ball, location: 2F 2-2: Ball 3-2: Base on Balls
|
Batting: LHB Tom Best
|
0-0: Called Strike 0-1: Ball 1-1: Ball 2-1: Ball 3-1: Called Strike 3-2: Base on Balls Bill Dooms to second
|
Batting: RHB Martin Guerrero
|
0-0: Ball 1-0: Ball 2-0: Ball 3-0: Base on Balls Bill Dooms to third Tom Best to second
|
Batting: RHB Bobby Ayala
|
0-0: Foul Ball, location: 2F 0-1: Hit by Pitch Bill Dooms scores Tom Best to third Martin Guerrero to second
|
Pitching: LHP Sam Zegarelli
|
|
Batting: RHB Bill Defazio
|
0-0: Ball 1-0: Swinging Strike 1-1: SINGLE (Line Drive, 7LS, EV 113.1 MPH) Tom Best scores Martin Guerrero to third Bobby Ayala to second
|
Batting: RHB Sean Zielinski
|
0-0: Ball 1-0: Called Strike 1-1: Foul Ball, location: 2F 1-2: Foul Ball, location: 2F 1-2: Foul Ball, location: 2F 1-2: Foul Ball, location: 2F 1-2: Foul Ball, location: 2F 1-2: Foul Ball, location: 2F 1-2: Fielders Choice at 2nd, 3-6 (Groundball, 34S, EV 82.5 MPH) Martin Guerrero scores Bobby Ayala to third
|
Batting: LHB Jack Henningar
|
0-0: Ball 1-0: Foul Ball, location: 2F 1-1: Ground out 4-3 (Groundball, 34, EV 98.1 MPH) Bobby Ayala scores Sean Zielinski to second
|
Batting: SHB Ryan Doss
|
0-0: Called Strike 0-1: Fly out, F4 (Popup, 4S, EV 62.5 MPH)
|
Top of the 4th over - 4 runs, 1 hit, 0 errors, 1 left on base; San Francisco 8 - Los Angeles 1 |
BOTTOM OF THE 4TH |
Los Angeles Dodgers batting - Pitching for San Francisco Giants : RHP Keith Kidd
|
Batting: LHB Juan Concepcion
|
0-0: Ball 1-0: SINGLE (Line Drive, 6D, EV 109.4 MPH)
|
Batting: RHB Ben Mischnick
|
0-0: Ball 1-0: Called Strike 1-1: Grounds into double play, 3-6-1 (Groundball, 34, EV 106.2 MPH)
|
Batting: RHB Wing-kit Bu
|
0-0: Ball 1-0: Ground out 4-3 (Groundball, 4S, EV 81.9 MPH)
|
Bottom of the 4th over - 0 runs, 1 hit, 0 errors, 0 left on base; San Francisco 8 - Los Angeles 1 |
TOP OF THE 5TH |
San Francisco Giants batting - Pitching for Los Angeles Dodgers : LHP Sam Zegarelli
|
Batting: RHB Kevin Howard
|
0-0: Ball 1-0: Foul Ball, location: 2F 1-1: Called Strike 1-2: Strikes out swinging
|
Batting: SHB Bill Dooms
|
0-0: Ball 1-0: Called Strike 1-1: Ball 2-1: Called Strike 2-2: Ball 3-2: Foul Ball, location: 2F 3-2: Strikes out looking
|
Batting: LHB Tom Best
|
0-0: Ball 1-0: Called Strike 1-1: Ball 2-1: Called Strike 2-2: Foul Ball, location: 2F 2-2: SINGLE (Line Drive, 7S, EV 100.6 MPH)
|
Batting: RHB Martin Guerrero
|
0-0: Called Strike 0-1: Called Strike 0-2: Ball 1-2: Ground out 4-3 (Groundball, 4S, EV 86.2 MPH)
|
Top of the 5th over - 0 runs, 1 hit, 0 errors, 1 left on base; San Francisco 8 - Los Angeles 1 |
BOTTOM OF THE 5TH |
Los Angeles Dodgers batting - Pitching for San Francisco Giants : RHP Keith Kidd
|
Batting: LHB R.J. O'Brien
|
0-0: Ball 1-0: Ball 2-0: Ball 3-0: Base on Balls
|
Batting: RHB Rocky Campbell
|
0-0: Ball 1-0: Ball 2-0: Ball 3-0: Called Strike 3-1: Base on Balls R.J. O'Brien to second
|
Batting: SHB Shane Marcum
|
0-0: Ball 1-0: Ball 2-0: Ball 3-0: Base on Balls R.J. O'Brien to third Rocky Campbell to second
|
Batting: LHB Lirak Bazhunaishvili
|
0-0: Called Strike 0-1: Foul Ball, location: 2F 0-2: Ball 1-2: Ball 2-2: Ball 3-2: Foul Ball, location: 2F 3-2: Foul Ball, location: 2F 3-2: Fly out, F7 (Flyball, 7, EV 80.0 MPH) Runner from 3rd tags up, OUT at HOME! 7-2 Rocky Campbell to third Shane Marcum to second
|
Batting: SHB Joel Baker
|
0-0: Called Strike 0-1: Ball 1-1: Ball 2-1: Ball 3-1: Base on Balls
|
Batting: RHB Danny Dyer
|
0-0: SINGLE (Flyball, 56D, EV 85.0 MPH) Rocky Campbell scores Shane Marcum to third Joel Baker to second Runner from 3rd tries for Home, throw by LF and OUT! 7-2
|
Bottom of the 5th over - 1 run, 1 hit, 0 errors, 2 left on base; San Francisco 8 - Los Angeles 2 |
TOP OF THE 6TH |
San Francisco Giants batting - Pitching for Los Angeles Dodgers : LHP Sam Zegarelli
|
Batting: RHB Bobby Ayala
|
0-0: Foul Ball, location: 2F 0-1: Called Strike 0-2: Strikes out swinging
|
Batting: RHB Bill Defazio
|
0-0: Ball 1-0: Fly out, F3 (Popup, 3SF, EV 70.6 MPH)
|
Batting: RHB Sean Zielinski
|
0-0: Ball 1-0: Ball 2-0: Ball 3-0: SINGLE (Line Drive, 56, EV 102.5 MPH)
|
Batting: LHB Jack Henningar
|
0-0: Foul Ball, location: 2F 0-1: Foul Ball, location: 2F 0-2: Ball 1-2: Strikes out swinging
|
Top of the 6th over - 0 runs, 1 hit, 0 errors, 1 left on base; San Francisco 8 - Los Angeles 2 |
BOTTOM OF THE 6TH |
Los Angeles Dodgers batting - Pitching for San Francisco Giants : RHP Keith Kidd
|
Batting: LHB Juan Concepcion
|
0-0: Foul Ball, location: 2F 0-1: Foul Ball, location: 2F 0-2: Ball 1-2: Strikes out swinging
|
Batting: RHB Ben Mischnick
|
0-0: Called Strike 0-1: Called Strike 0-2: Strikes out looking
|
Batting: RHB Wing-kit Bu
|
0-0: Called Strike 0-1: Fly out, F9 (Line Drive, 9, EV 91.9 MPH)
|
Bottom of the 6th over - 0 runs, 0 hits, 0 errors, 0 left on base; San Francisco 8 - Los Angeles 2 |
TOP OF THE 7TH |
San Francisco Giants batting - Pitching for Los Angeles Dodgers : LHP Sam Zegarelli
|
Batting: SHB Ryan Doss
|
0-0: Ball 1-0: Foul Ball, location: 2F 1-1: Ball 2-1: Foul Ball, location: 2F 2-2: Ball 3-2: Ground out 5-3 (Groundball, 5S, EV 89.4 MPH)
|
Batting: RHB Kevin Howard
|
0-0: Ball 1-0: Called Strike 1-1: Called Strike 1-2: Foul Ball, location: 2F 1-2: Foul Ball, location: 2F 1-2: Ball 2-2: Foul Ball, location: 2F 2-2: Ball 3-2: Base on Balls
|
Pitching: LHP Gavin White
|
|
Batting: SHB Bill Dooms
|
0-0: Foul Ball, location: 2F 0-1: Ball 1-1: Called Strike 1-2: Foul Ball, location: 2F 1-2: Ball 2-2: Ball 3-2: Base on Balls Kevin Howard to second
|
Batting: LHB Tom Best
|
0-0: Called Strike 0-1: Ball 1-1: Foul Ball, location: 2F 1-2: Ball 2-2: Ball 3-2: Foul Ball, location: 2F 3-2: Foul Ball, location: 2F 3-2: Fly out, F7 (Flyball, 7D, EV 101.2 MPH)
|
Batting: RHB Martin Guerrero
|
0-0: Called Strike 0-1: Swinging Strike 0-2: Ball 1-2: Strikes out swinging
|
Top of the 7th over - 0 runs, 0 hits, 0 errors, 2 left on base; San Francisco 8 - Los Angeles 2 |
BOTTOM OF THE 7TH |
Los Angeles Dodgers batting - Pitching for San Francisco Giants : RHP Keith Kidd
|
Pitching: RHP Lorenzo Merjil
|
|
Batting: LHB R.J. O'Brien
|
0-0: Called Strike 0-1: Ground out 2-3 (Groundball, 2L, EV 67.5 MPH)
|
Batting: RHB Rocky Campbell
|
0-0: Foul Ball, location: 2F 0-1: Swinging Strike 0-2: Ball 1-2: Ball 2-2: Ball 3-2: Ground out 6-3 (Groundball, 56D, EV 97.5 MPH)
|
Batting: SHB Shane Marcum
|
0-0: Foul Ball, location: 2F 0-1: Called Strike 0-2: Ball 1-2: Ball 2-2: Ball 3-2: Fly out, F8 (Line Drive, 8LD, EV 88.1 MPH)
|
Bottom of the 7th over - 0 runs, 0 hits, 0 errors, 0 left on base; San Francisco 8 - Los Angeles 2 |
TOP OF THE 8TH |
San Francisco Giants batting - Pitching for Los Angeles Dodgers : LHP Gavin White
|
Batting: RHB Bobby Ayala
|
0-0: Ball 1-0: Called Strike 1-1: Called Strike 1-2: Ground out 6-3 (Groundball, 6, EV 91.9 MPH)
|
Batting: RHB Bill Defazio
|
0-0: Ball 1-0: Ball 2-0: Ball 3-0: Base on Balls
|
Batting: RHB Sean Zielinski
|
0-0: Ball 1-0: Swinging Strike 1-1: Foul Ball, location: 2F 1-2: Strikes out swinging
|
Batting: LHB Jack Henningar
|
0-0: Called Strike 0-1: Ball 1-1: Fly out, F8 (Flyball, 78D, EV 93.1 MPH)
|
Top of the 8th over - 0 runs, 0 hits, 0 errors, 1 left on base; San Francisco 8 - Los Angeles 2 |
BOTTOM OF THE 8TH |
Los Angeles Dodgers batting - Pitching for San Francisco Giants : RHP Lorenzo Merjil
|
Batting: LHB Lirak Bazhunaishvili
|
0-0: Called Strike 0-1: Ball 1-1: Foul Ball, location: 2F 1-2: Ground out 5-3 (Groundball, 5, EV 83.8 MPH)
|
Batting: SHB Joel Baker
|
0-0: Ball 1-0: Ball 2-0: Ball 3-0: Called Strike 3-1: Base on Balls
|
Batting: RHB Danny Dyer
|
0-0: Swinging Strike 0-1: Foul Ball, location: 2F 0-2: Ball 1-2: Grounds into double play, 4-6-3 (Groundball, 34, EV 83.1 MPH)
|
Bottom of the 8th over - 0 runs, 0 hits, 0 errors, 0 left on base; San Francisco 8 - Los Angeles 2 |
TOP OF THE 9TH |
San Francisco Giants batting - Pitching for Los Angeles Dodgers : LHP Gavin White
|
Batting: SHB Ryan Doss
|
0-0: Called Strike 0-1: Foul Ball, location: 2F 0-2: Strikes out swinging
|
Batting: RHB Kevin Howard
|
0-0: Ball 1-0: Swinging Strike 1-1: Swinging Strike 1-2: Foul Ball, location: 2F 1-2: Strikes out swinging
|
Batting: SHB Bill Dooms
|
0-0: Foul Ball, location: 2F 0-1: Ground out 4-3 (Groundball, 4, EV 100.0 MPH)
|
Top of the 9th over - 0 runs, 0 hits, 0 errors, 0 left on base; San Francisco 8 - Los Angeles 2 |
BOTTOM OF THE 9TH |
Los Angeles Dodgers batting - Pitching for San Francisco Giants : RHP Lorenzo Merjil
|
Batting: LHB Juan Concepcion
|
0-0: Ball 1-0: Ball 2-0: Ball 3-0: Called Strike 3-1: Base on Balls
|
Pitching: LHP Tyler Stancil
|
|
Batting: RHB Ben Mischnick
|
0-0: Foul Ball, location: 2F 0-1: Swinging Strike 0-2: Strikes out swinging
|
Batting: RHB Wing-kit Bu
|
0-0: Ball 1-0: Ball 2-0: Foul Ball, location: 2F 2-1: Called Strike 2-2: Strikes out swinging
|
Batting: LHB R.J. O'Brien
|
0-0: SINGLE (Groundball, 34D, EV 95.0 MPH) Juan Concepcion to second
|
Batting: RHB Rocky Campbell
|
0-0: Ball 1-0: Swinging Strike 1-1: Called Strike 1-2: Foul Ball, location: 2F 1-2: Fielders Choice at 2nd, 5-4 (Groundball, 56, EV 83.8 MPH)
|
Bottom of the 9th over - 0 runs, 1 hit, 0 errors, 2 left on base; San Francisco 8 - Los Angeles 2 |
|